General information
- name: ![XPLeague] ILoveDiskS2 Ro16 #2
- type: Custom game
- host: Waaagh!TV
- saver: Elven_Star
map: TerenasStand
- players: 6
- length: 25:28
- speed: Fast
- version: 1.25 W3XP
- replay type: Public
» download(261 KB)
Players
team 1 (winner)
YuRiFoCuS (
teal | 364 APM | 9268 actions | 25:27)
4 Blademaster
2 Wind Walk
2 Critical Strike
4 Tauren Chieftain
2 War Stomp
2 Endurance Aura
» actions
| Assign group hotkey | 138 | |
| Basic commands | 281 | |
| Build / train | 104 | |
| ESC pressed | 5 | |
| Enter build submenu | 12 | |
| Enter hero's abilities submenu | 10 | |
| Give item / drop item | 14 | |
| Right click | 3314 | |
| Select / deselect | 1017 | |
| Select group hotkey | 4072 | |
| Use ability | 301 | |
9268 total
» units
| Peon | 10 | |
| Grunt | 7 | |
| Raider | 14 | |
| Goblin Zeppelin | 2 | |
| Kodo Beast | 3 | |
| Troll Headhunter/Berserker | 7 | |
43 total
» upgrades
| Berserker Strength | 2 | |
| Ensnare | 1 | |
| Melee Weapons | 1 | |
| Armor | 2 | |
| Reinforced Defenses | 1 | |
| War Drums Damage Increase | 1 | |
| Berserker Upgrade | 1 | |
9 total
» buildings
| Altar of Storms | 1 | |
| Orc Burrow | 5 | |
| Barracks | 1 | |
| Voodoo Lounge | 3 | |
| Stronghold | 1 | |
| Beastiary | 1 | |
| War Mill | 1 | |
| Fortress | 1 | |
14 total
» build order
00:03 Altar of Storms
00:12 Orc Burrow
00:37 Barracks
01:30 Orc Burrow
01:51 Voodoo Lounge
03:03 Stronghold
04:25 Orc Burrow
05:34 Beastiary
06:21 War Mill
06:50 Orc Burrow
11:21 Fortress
11:33 Orc Burrow
15:44 Voodoo Lounge
19:00 Voodoo Lounge
» items
| Healing Salve | 11 | |
| Boots of Speed | 1 | |
| Circlet of Nobility | 2 | |
| Scroll of Speed | 4 | |
| Lesser Clarity Potion | 5 | |
| Scroll of Healing | 2 | |
| Scroll of Protection | 1 | |
| Potion of Lesser Invulnerability | 4 | |
| Orb of Lightning | 1 | |
| Dust of Appearance | 3 | |
| Tiny Great Hall | 1 | |
| Potion of Healing | 3 | |
38 total
team 2 (loser)
TyLoo_Lucifer (
orange | 277 APM | 7055 actions | 25:27)
5 Death Knight
3 Death Coil
1 Unholy Aura
1 Death Pact
4 Lich
2 Frost Armor
2 Frost Nova
3 Dark Ranger
2 Silence
1 Black Arrow
» actions
| Assign group hotkey | 363 | |
| Basic commands | 438 | |
| Build / train | 99 | |
| ESC pressed | 6 | |
| Enter build submenu | 12 | |
| Enter hero's abilities submenu | 12 | |
| Give item / drop item | 23 | |
| Right click | 2470 | |
| Select / deselect | 1460 | |
| Select group hotkey | 1832 | |
| Use ability | 340 | |
7055 total
» units
| Acolyte | 4 | |
| Ghoul | 6 | |
| Crypt Fiend | 20 | |
| Ogre Mauler | 1 | |
| Obsidian Statue | 2 | |
| Abomination | 2 | |
35 total
» upgrades
| Creature Attack | 1 | |
| Web | 1 | |
| Burrow | 1 | |
| Destroyer Form | 1 | |
| Ghoul Frenzy | 1 | |
| Disease Cloud | 1 | |
6 total
» buildings
| Graveyard | 1 | |
| Crypt | 1 | |
| Altar of Darkness | 1 | |
| Ziggurat | 4 | |
| Tomb of Relics | 1 | |
| Nerubian Tower | 1 | |
| Halls of the Dead | 1 | |
| Spirit Tower | 1 | |
| Black Citadel | 2 | |
| Slaughterhouse | 1 | |
14 total
» build order
00:05 Graveyard
00:10 Crypt
00:44 Altar of Darkness
00:56 Ziggurat
01:30 Tomb of Relics
02:00 Ziggurat
03:23 Ziggurat
04:11 Nerubian Tower
05:50 Halls of the Dead
06:48 Ziggurat
09:39 Spirit Tower
14:19 Black Citadel
14:19 Black Citadel
15:39 Slaughterhouse
» items
| Sacrificial Skull | 5 | |
| Rod of Necromancy | 5 | |
| Dust of Appearance | 7 | |
| Potion of Lesser Invulnerability | 3 | |
| Potion of Mana | 5 | |
| Scroll of Town Portal | 3 | |
| Scroll of Healing | 4 | |
| Orb of Corruption | 1 | |
| Potion of Healing | 1 | |
34 total
refereesWTV,
Elven_Star,
Obs,
IRC Chat log
(00:00 / All) WTV: <<Game halted due to lack of data from server.>>
(00:00 / All) WTV: <<Game time 00:00 (cached 01:12)>>
(00:04 / All) WTV: << - FS_inDrA>>
(00:08 / Referees) Elven_Star: /ap 4
(00:08 / All) WTV: <<"ap" is not a valid command>>
(00:12 / Referees) Elven_Star: /sp 4
(00:12 / All) WTV: <<New Replayspeed is 4.00.>>
(00:53 / All) TyLoo_Lucifer: gl :)
(00:56 / All) YuRiFoCuS: gg gl
(01:05 / All) WTV: [Wiz] <<YuRiFoCuS trains Blade Master>>
(01:23 / All) WTV: <<Game time 01:23 (cached 00:06)>>
(01:30 / All) WTV: [Wiz] <<TyLoo_Lucifer builds Tomb of Relics>>
(01:47 / All) WTV: [Wiz] <<TyLoo_Lucifer trains Death Knight>>
(01:51 / All) WTV: [Wiz] <<YuRiFoCuS builds Voodoo Lounge>>
(01:55 / All) YuRiFoCuS: 저는 없어요
(01:58 / All) TyLoo_Lucifer: 없듬
(02:03 / All) WTV: [Wiz] <<YuRiFoCuS trains Wind Walk (Orc Blade Master)>>
(02:44 / All) WTV: [Wiz] <<TyLoo_Lucifer buys Sacrificial Skull>>
(02:45 / All) WTV: [Wiz] <<TyLoo_Lucifer buys Rod of Necromancy>>
(02:49 / All) WTV: [Wiz] <<TyLoo_Lucifer buys Dust of Appearance>>
(02:52 / All) WTV: [Wiz] <<TyLoo_Lucifer trains Death Coil (UD Death Knight)>>
(02:55 / All) WTV: [Wiz] <<YuRiFoCuS trains Critical Strike (Orc Blade Master)>>
(03:03 / All) WTV: [Wiz] <<YuRiFoCuS upgrades to Stronghold>>
(03:12 / All) WTV: [Wiz] <<YuRiFoCuS buys Healing Salve>>
(03:37 / All) WTV: [Wiz] <<TyLoo_Lucifer trains Unholy Aura (UD Death Knight)>>
(03:43 / All) WTV: [Wiz] <<YuRiFoCuS buys Boots of Speed>>
(03:43 / All) WTV: [Wiz] <<YuRiFoCuS buys Circlet of Nobility>>
(03:48 / All) WTV: [Wiz] <<YuRiFoCuS buys Circlet of Nobility>>
(03:58 / All) WTV: [Wiz] <<TyLoo_Lucifer buys Rod of Necromancy>>
(04:33 / All) WTV: [Wiz] <<TyLoo_Lucifer buys Sacrificial Skull>>
(05:21 / All) WTV: [Wiz] <<TyLoo_Lucifer buys Dust of Appearance>>
(05:33 / All) WTV: [Wiz] <<YuRiFoCuS trains Tauren Chieftain>>
(05:34 / All) WTV: [Wiz] <<YuRiFoCuS builds Bestiary>>
(05:34 / All) WTV: [Wiz] <<YuRiFoCuS researches Berserker Strength Upgrade>>
(05:50 / All) WTV: [Wiz] <<TyLoo_Lucifer upgrades to Halls of the Dead>>
(05:55 / All) WTV: [Wiz] <<YuRiFoCuS buys Scroll of Speed>>
(05:56 / All) WTV: [Wiz] <<YuRiFoCuS researches Berserker Strength Upgrade>>
(06:21 / All) WTV: [Wiz] <<YuRiFoCuS builds War Mill>>
(06:31 / All) WTV: [Wiz] <<YuRiFoCuS trains War Stomp (Orc Tauren Chieftain)>>
(06:36 / All) WTV: [Wiz] <<TyLoo_Lucifer trains Death Coil (UD Death Knight)>>
(06:39 / All) WTV: [Wiz] <<YuRiFoCuS trains first Raider>>
(06:46 / All) WTV: [Wiz] <<TyLoo_Lucifer researches Creature Attack Upgrades>>
(06:54 / All) WTV: [Wiz] <<YuRiFoCuS researches Ensnare Upgrade>>
(07:21 / All) WTV: [Wiz] <<YuRiFoCuS hires Goblin Zeppelin>>
(07:40 / All) WTV: [Wiz] <<TyLoo_Lucifer buys Potion of Lesser Invulnerability>>
(08:14 / All) WTV: [Wiz] <<TyLoo_Lucifer trains Lich>>
(08:20 / All) WTV: [Wiz] <<TyLoo_Lucifer researches Crypt Fiends Web Upgrade>>
(08:21 / All) WTV: [Wiz] <<YuRiFoCuS trains first Kodo Beast>>
(08:30 / All) WTV: [Wiz] <<TyLoo_Lucifer buys Dust of Appearance>>
(08:46 / All) WTV: [Wiz] <<YuRiFoCuS buys Healing Salve>>
(08:46 / All) WTV: [Wiz] <<YuRiFoCuS buys Lesser Clarity Potion>>
(08:46 / All) WTV: [Wiz] <<TyLoo_Lucifer buys Rod of Necromancy>>
(09:04 / All) WTV: [Wiz] <<YuRiFoCuS trains Wind Walk (Orc Blade Master)>>
(09:11 / All) WTV: [Wiz] <<TyLoo_Lucifer buys Potion of Mana>>
(09:11 / All) WTV: [Wiz] <<TyLoo_Lucifer buys Sacrificial Skull>>
(09:13 / All) WTV: [Wiz] <<TyLoo_Lucifer trains Frost Armor (UD Lich)>>
(09:18 / All) WTV: [Wiz] <<YuRiFoCuS researches Orc Armor Upgrades>>
(09:24 / All) WTV: [Wiz] <<YuRiFoCuS buys Scroll of Speed>>
(09:35 / All) WTV: [Wiz] <<TyLoo_Lucifer researches Crypt Fiends Burrow Upgrade>>
(09:44 / All) WTV: <<Game time 09:43 (cached 00:27)>>
(09:46 / All) WTV: [Wiz] <<YuRiFoCuS buys Scroll of Healing>>
(09:47 / All) WTV: [Wiz] <<YuRiFoCuS buys Scroll of Protection>>
(10:17 / All) WTV: [Wiz] <<YuRiFoCuS buys Potion of Lesser Invulnerability>>
(10:26 / All) WTV: [Wiz] <<YuRiFoCuS trains Endurance Aura (Orc Tauren Chieftain)>>
(11:21 / All) WTV: [Wiz] <<YuRiFoCuS upgrades to Fortress>>
(11:25 / All) WTV: [Wiz] <<TyLoo_Lucifer revives dead hero>>
(11:28 / All) WTV: [Wiz] <<TyLoo_Lucifer buys Dust of Appearance>>
(11:29 / All) WTV: [Wiz] <<TyLoo_Lucifer buys Potion of Mana>>
(11:56 / All) WTV: [Wiz] <<YuRiFoCuS buys Healing Salve>>
(12:02 / All) WTV: [Wiz] <<YuRiFoCuS buys Scroll of Speed>>
(12:03 / All) WTV: [Wiz] <<TyLoo_Lucifer buys Rod of Necromancy>>
(12:05 / All) WTV: [Wiz] <<TyLoo_Lucifer buys Potion of Mana>>
(12:05 / All) WTV: [Wiz] <<TyLoo_Lucifer buys Sacrificial Skull>>
(12:33 / All) WTV: [Wiz] <<YuRiFoCuS researches Orc Armor Upgrades>>
(13:12 / All) WTV: [Wiz] <<YuRiFoCuS trains first Troll Headhunter>>
(13:15 / All) WTV: [Wiz] <<TyLoo_Lucifer hires Ogre Mauler>>
(13:47 / All) WTV: [Wiz] <<TyLoo_Lucifer trains Frost Nova (UD Lich)>>
(13:50 / All) WTV: [Wiz] <<TyLoo_Lucifer trains Death Pact (UD Death Knight)>>
(13:56 / All) WTV: [Wiz] <<YuRiFoCuS revives dead hero>>
(14:07 / All) WTV: [Wiz] <<YuRiFoCuS trains War Stomp (Orc Tauren Chieftain)>>
(14:19 / All) WTV: [Wiz] <<TyLoo_Lucifer upgrades to Black Citadel>>
(14:33 / All) WTV: [Wiz] <<YuRiFoCuS researches Reinforced Defenses Upgrade>>
(14:44 / All) WTV: [Wiz] <<YuRiFoCuS revives first dead hero on tavern>>
(14:52 / All) WTV: [Wiz] <<TyLoo_Lucifer buys Scroll of Town Portal>>
(14:52 / All) WTV: [Wiz] <<TyLoo_Lucifer buys Potion of Lesser Invulnerability>>
(15:12 / All) WTV: [Wiz] <<TyLoo_Lucifer buys Scroll of Healing>>
(15:13 / All) WTV: [Wiz] <<TyLoo_Lucifer buys Dust of Appearance>>
(15:23 / All) WTV: [Wiz] <<YuRiFoCuS buys Orb of Lightning>>
(15:33 / All) WTV: [Wiz] <<YuRiFoCuS buys Healing Salve>>
(15:39 / All) WTV: [Wiz] <<TyLoo_Lucifer builds Slaughterhouse>>
(15:44 / All) WTV: [Wiz] <<YuRiFoCuS builds Voodoo Lounge>>
(15:57 / All) WTV: [Wiz] <<YuRiFoCuS researches War Drums Upgrade>>
(15:58 / All) WTV: [Wiz] <<TyLoo_Lucifer buys Scroll of Healing>>
(16:11 / All) WTV: [Wiz] <<TyLoo_Lucifer trains Frost Nova (UD Lich)>>
(16:17 / All) WTV: [Wiz] <<YuRiFoCuS buys Dust of Appearance>>
(16:44 / All) WTV: [Wiz] <<TyLoo_Lucifer trains first Obsidian statue>>
(17:04 / All) WTV: [Wiz] <<TyLoo_Lucifer researches Destroyer Upgrade>>
(17:10 / All) WTV: [Wiz] <<YuRiFoCuS researches Troll Berserker Upgrade>>
(17:33 / All) WTV: [Wiz] <<TyLoo_Lucifer buys Orb of Corruption>>
(17:38 / All) WTV: [Wiz] <<TyLoo_Lucifer buys Rod of Necromancy>>
(17:56 / All) WTV: [Wiz] <<YuRiFoCuS buys Healing Salve>>
(18:04 / All) WTV: [Wiz] <<YuRiFoCuS buys Tiny Great Hall>>
(18:10 / All) WTV: [Wiz] <<TyLoo_Lucifer trains Dark Ranger>>
(18:12 / All) WTV: [Wiz] <<TyLoo_Lucifer trains Silence (Dark Ranger)>>
(18:21 / All) WTV: [Wiz] <<YuRiFoCuS buys Potion of Lesser Invulnerability>>
(18:41 / All) WTV: [Wiz] <<TyLoo_Lucifer trains Death Coil (UD Death Knight)>>
(18:50 / All) WTV: [Wiz] <<YuRiFoCuS trains first Troll Berserker>>
(18:52 / All) WTV: [Wiz] <<TyLoo_Lucifer researches Ghoul Frenzy Upgrade>>
(18:58 / All) WTV: [Wiz] <<TyLoo_Lucifer buys Scroll of Town Portal>>
(19:00 / All) WTV: [Wiz] <<YuRiFoCuS builds Voodoo Lounge>>
(19:00 / All) WTV: [Wiz] <<TyLoo_Lucifer buys Potion of Mana>>
(19:05 / All) WTV: [Wiz] <<TyLoo_Lucifer buys Sacrificial Skull>>
(19:06 / All) WTV: [Wiz] <<TyLoo_Lucifer buys Potion of Mana>>
(19:55 / All) WTV: [Wiz] <<YuRiFoCuS trains Endurance Aura (Orc Tauren Chieftain)>>
(20:12 / All) WTV: [Wiz] <<YuRiFoCuS trains Critical Strike (Orc Blade Master)>>
(20:15 / All) WTV: [Wiz] <<TyLoo_Lucifer buys Scroll of Town Portal>>
(20:17 / All) WTV: [Wiz] <<TyLoo_Lucifer buys Scroll of Healing>>
(20:18 / All) WTV: [Wiz] <<TyLoo_Lucifer buys Potion of Healing>>
(20:22 / All) WTV: [Wiz] <<TyLoo_Lucifer trains Frost Armor (UD Lich)>>
(20:23 / All) WTV: [Wiz] <<TyLoo_Lucifer trains Black Arrow (Dark Ranger)>>
(20:24 / All) WTV: [Wiz] <<YuRiFoCuS revives first dead hero on tavern>>
(20:43 / All) WTV: [Wiz] <<YuRiFoCuS buys Healing Salve>>
(20:43 / All) WTV: [Wiz] <<YuRiFoCuS buys Lesser Clarity Potion>>
(20:56 / All) WTV: [Wiz] <<YuRiFoCuS buys Scroll of Healing>>
(20:56 / All) WTV: [Wiz] <<YuRiFoCuS buys Potion of Lesser Invulnerability>>
(21:15 / All) WTV: [Wiz] <<YuRiFoCuS buys Potion of Healing>>
(22:00 / All) WTV: [Wiz] <<YuRiFoCuS buys Healing Salve>>
(22:00 / All) WTV: [Wiz] <<YuRiFoCuS buys Lesser Clarity Potion>>
(22:48 / All) WTV: [Wiz] <<YuRiFoCuS revives first dead hero on tavern>>
(23:01 / All) WTV: [Wiz] <<TyLoo_Lucifer trains first Abomination>>
(23:02 / All) WTV: [Wiz] <<TyLoo_Lucifer buys Potion of Lesser Invulnerability>>
(23:03 / All) WTV: [Wiz] <<TyLoo_Lucifer buys Dust of Appearance>>
(23:13 / All) WTV: [Wiz] <<YuRiFoCuS buys Lesser Clarity Potion>>
(23:24 / All) WTV: [Wiz] <<YuRiFoCuS buys Potion of Lesser Invulnerability>>
(23:40 / All) WTV: [Wiz] <<YuRiFoCuS buys Healing Salve>>
(23:52 / All) WTV: [Wiz] <<YuRiFoCuS buys Lesser Clarity Potion>>
(23:56 / All) WTV: [Wiz] <<YuRiFoCuS buys Potion of Healing>>
(24:16 / All) WTV: [Wiz] <<TyLoo_Lucifer trains Silence (Dark Ranger)>>
(24:24 / All) WTV: [Wiz] <<TyLoo_Lucifer researches Disease Cloud Upgrade>>
(24:30 / All) WTV: [Wiz] <<YuRiFoCuS buys Potion of Healing>>
(24:39 / All) WTV: [Wiz] <<YuRiFoCuS buys Dust of Appearance>>
(25:26 / All) TyLoo_Lucifer: gg :)